 Dungeon Crawl Stone Soup version 0.27-a0-890-ged2907cb04 (webtiles) character file.

Game seed: 18015428901714145642

6 P0NYSLAYSTATION the Skirmisher (level 1, 0/18 HPs)
             Began as a Demonspawn Monk on Apr 5, 2021.
             Slain by a jackal (2 damage)
             ... on level 1 of the Dungeon.
             The game lasted 00:00:53 (69 turns).

P0NYSLAYSTATION the Skirmisher (Demonspawn Monk)      Turns: 69, Time: 00:00:54

Health: 0/18       AC:  3    Str: 11    XL:     1   Next: 75%
Magic:  1/1        EV: 12    Int: 11    God:
Gold:   0          SH:  0    Dex: 15    Spells: 0/0 levels left

rFire    . . .     SeeInvis .   a - +0 spear
rCold    . . .     Faith    .   (no shield)
rNeg     . . .     Spirit   .   c - +0 leather armour
rPois    .         Reflect  .   (no helmet)
rElec    .         Harm     .   (no cloak)
rCorr    .         Rampage  .   (no gloves)
Will     .....                  (no boots)
Stlth    ++........             (no amulet)
HPRegen  0.06/turn              (no ring)
MPRegen  0.07/turn              (no ring)

@: no status effects
A: no striking features
a: no special abilities


You were on level 1 of the Dungeon.
You visited 1 branch of the dungeon, and saw 1 of its levels.

Inventory:

Hand Weapons
 a - a +0 spear (weapon)
Armour
 b - a +0 robe
 c - a +0 leather armour (worn)


   Skills:
 + Level 3.0 Fighting
 + Level 2.7 Polearms
 * Level 0.4 Armour
 + Level 2.8 Dodging
 + Level 1.8 Stealth


You couldn't memorise any spells.
You didn't know any spells.
Your spell library was empty.

Dungeon Overview and Level Annotations

Branches:
Dungeon (1/15)

Altars:


Message History

You hit the goblin.
You kill the goblin!
You barely miss the endoplasm. The endoplasm barely misses you.
You hit the endoplasm.
The endoplasm is severely wounded.
The endoplasm freezes you.
You are frozen.
You are too injured to fight recklessly!
You are too injured to fight recklessly!
You are too injured to fight recklessly!
You are too injured to fight recklessly!
You hit the endoplasm.
You kill the endoplasm!
You hit the rat.
You kill the rat!
You barely miss the jackal. The jackal barely misses you.
You closely miss the jackal. The jackal completely misses you.
The jackal closely misses you.
You hit the jackal.
The jackal is lightly wounded.
You hit the jackal but do no damage. The jackal closely misses you.
You completely miss the jackal. The jackal bites you.
* * * LOW HITPOINT WARNING * * *
The jackal misses you.
You miss the jackal.
The jackal bites you but does no damage.
You barely miss the jackal. The jackal bites you.
* * * LOW HITPOINT WARNING * * *
You hit the jackal.
The jackal is almost dead.
The jackal bites you.
* * * LOW HITPOINT WARNING * * *
The jackal closely misses you.
You hit the jackal.
You kill the jackal!
You closely miss the jackal.
The jackal is lightly wounded.
The jackal closely misses you.
You hit the jackal but do no damage. The jackal bites you.
You die...

#..##..#.###.....
#........##......
#...........###.. #
#.........#####.. .
#................ #.
#.hl....r#.##.... #.#
##h......#.h# ..
#.###h#####..##.rh.h.
#.#@## .....h#h...
##.## .##....#....
##.#.## .# #....$###.
#.#.#.#.# #......
#.#.<.#.# .......
#.#.#.#.#.# ........
#.###.#.###.# #.# ##
## #.. .. ###


You could see 3 jackals and a frilled lizard.

Vanquished Creatures
  2 endoplasms (D:1)
  A goblin (D:1)
  A jackal (D:1)
  A rat (D:1)
5 creatures vanquished.

Notes
Turn   | Place    | Note
-------+----------+-------------------------------------------
     0 | D:1      | P0NYSLAYSTATION the Demonspawn Monk began the quest for the
                  | Orb.
     0 | D:1      | Reached XP level 1. HP: 18/18 MP: 1/1
    69 | D:1      | Slain by a jackal

Illustrated notes

Levels and vault maps discovered:
D:1:      minmay_arrival_diagonal_passages, layout_rooms

Action                   || total
-------------------------++-------
Melee: Spear             ||    28
Armor: Leather armour    ||     3
Dodge: Dodged            ||    11

Table legend: (Time is in decaauts)
 A = Elapsed time spent in this place.
 B = Non-inter-level travel time spent in this place.
 C = Inter-level travel time spent in this place.
 D = Time resting spent in this place.
 E = Time spent auto-exploring this place.
 F = Levels seen in this place.
 G = Mean time per level.
                   A        B        C        D        E       F      G
               +--------+--------+--------+--------+--------+-----+--------+
         Total |     68 |     68 |      0 |      0 |      8 |   1 |   68.0 |
       Dungeon |     68 |     68 |      0 |      0 |      8 |   1 |   68.0 |
               +--------+--------+--------+--------+--------+-----+--------+

Top non-repeatable levels by time:
     D:1: 68 daAuts
